 Dungeon Crawl Stone Soup version 0.29.1-1-gd02db6906a (webtiles) character file.

Game seed: 6436402064837195710

19 Homeless the Caller (level 2, 0/24 HPs)
             Began as an Ogre Wanderer on Oct 13, 2022.
             Slain by a rat (2 damage)
             ... on level 2 of the Dungeon.
             The game lasted 00:05:44 (2275 turns).

Homeless the Caller (Ogre Wanderer)                 Turns: 2275, Time: 00:05:45

Health: 0/24       AC:  3    Str: 15    XL:     2   Next: 75%
Magic:  3/3        EV: 10    Int: 14    God:
Gold:   94         SH:  0    Dex:  7    Spells: 2/3 levels left

rFire   . . .      SeeInvis .     - Unarmed
rCold   . . .      Faith    .   (no shield)
rNeg    + . .      Spirit   .   b - +0 robe
rPois   .          Reflect  .   (helmet restricted)
rElec   .          Harm     .   (no cloak)
rCorr   .          Rampage  .   (gloves unavailable)
Will    .....      Rage     3%  (boots unavailable)
Stlth   +.........              (no amulet)
HPRegen 0.08/turn               e - ring of positive energy
MPRegen 0.08/turn               (no ring)

@: no status effects
A: large, unfitting armour, tough skin 1, berserk 1, no potion heal 1
a: no special abilities


You were on level 2 of the Dungeon.
You visited 1 branch of the dungeon, and saw 2 of its levels.

You collected 94 gold pieces.

Inventory:

Hand Weapons
 a - a +1 club
Armour
 b - a +0 robe (worn)
Jewellery
 e - a ring of positive energy (left hand)
Scrolls
 d - 2 scrolls of teleportation
 f - a scroll of enchant weapon
Potions
 c - a potion of attraction


   Skills:
 - Level 2.9 Dodging
 - Level 1.0 Stealth
 * Level 2.1 Unarmed Combat
 - Level 1.2 Spellcasting
 - Level 3.6 Summonings


You had 2 spell levels left.
You knew the following spells:

 Your Spells              Type           Power      Damage    Failure   Level
a - Summon Small Mammal   Summ           40%        N/A       6%          1

Your spell library contained the following spells:

 Spells                   Type           Power      Damage    Failure   Level
 Call Imp                 Summ           10%        N/A       9%          2
 Blink                    Tloc           0%         N/A       36%         2
 Lesser Beckoning         Tloc           0%         N/A       61%         3
 Summon Lightning Spire   Summ/Air       5%         N/A       77%         4
 Manifold Assault         Tloc           0%         N/A       100%        5
 Chain Lightning          Conj/Air       0%         N/A       100%        9
 Fire Storm               Conj/Fire      0%         5d1       100%        9
 Shatter                  Erth           0%         3d5*      100%        9


Dungeon Overview and Level Annotations

Branches:
Dungeon (2/15)

Altars:

Annotations:
D:2 Terence


Innate Abilities, Weirdness & Mutations

You are too large for most types of armour.
You have tough skin. (AC +1)
You sometimes lose your temper in combat.
Potions are less effective at restoring your health.


Message History

As you read the scroll of teleportation, it crumbles to dust.
You feel strangely unstable.
* * * LOW HITPOINT WARNING * * *
You feel sick.
Your bat completely misses Terence.
Terence closely misses you.
Your rat closely misses Terence.
You swap places.
* * * LOW HITPOINT WARNING * * *
You feel sick.
Your bat barely misses Terence.
Your rat bites Terence but does no damage.
* * * LOW HITPOINT WARNING * * *
You feel sick.
Your bat hits Terence but does no damage.
Terence attacks as you move away! Terence closely misses you.
Your surroundings suddenly seem different.
A rat comes into view.
* * * LOW HITPOINT WARNING * * *
You feel sick.
A rat is nearby!
A rat is nearby!
You barely miss the rat.
* * * LOW HITPOINT WARNING * * *
You feel sick. The rat closely misses you.
You closely miss the rat.
* * * LOW HITPOINT WARNING * * *
You feel sick. The rat bites you but does no damage.
A kobold comes into view. It is wielding a +0 trident.
You barely miss the rat.
* * * LOW HITPOINT WARNING * * *
You feel sick.
You are no longer poisoned.
The rat misses you.
The kobold shouts!
You hit the rat.
You kill the rat!
A quokka comes into view. 2 rats come into view.
The kobold throws a stone.
The stone barely misses you.
The kobold throws a stone.
The stone closely misses you. The rat bites you.
You die...

#. .# #.###.#
####..#..
#.....#.#
#.....#.#
#.......#
#.......#
#....@r.+
#r......#
##......###
#.#......#
#.#......# #
#.r....#
#.K....#
.........#'##
######...#.#


You could see a quokka, a kobold and 2 rats.

Vanquished Creatures
  A dart slug (D:2)
  An endoplasm (D:1)
  2 goblins
  2 hobgoblins
  A quokka (D:1)
  3 kobolds
  4 rats
14 creatures vanquished.

Vanquished Creatures (collateral kills)
  An endoplasm (D:1)
  A quokka (D:2)
  A ball python (D:1)
3 creatures vanquished.

Grand Total: 17 creatures vanquished

Notes
Turn   | Place    | Note
-------+----------+-------------------------------------------
     0 | D:1      | Homeless the Ogre Wanderer began the quest for the Orb.
     0 | D:1      | Homeless set off with the following items: a +0 club, a +0
                  | robe, a potion of attraction, a scroll of teleportation;
                  | and the following spell memorised: Summon Small Mammal; and
                  | the following spells available to memorise: Call Imp,
                  | Summon Lightning Spire.
     0 | D:1      | Reached XP level 1. HP: 16/16 MP: 2/2
    56 | D:1      | Gained mutation: Potions are less effective at restoring
                  | your health. [potion of mutation]
    56 | D:1      | Gained mutation: You sometimes lose your temper in combat.
                  | [potion of mutation]
   723 | D:1      | Reached skill level 1 in Unarmed Combat
  1284 | D:1      | Reached XP level 2. HP: 19/24 MP: 3/3
  1577 | D:1      | HP: 1/24 [frozen (2)]
  2249 | D:2      | Noticed Terence
  2267 | D:2      | HP: 1/24 [poisoned by Terence]
  2275 | D:2      | Slain by a rat

Illustrated notes

Levels and vault maps discovered:
D:1:      grunt_arrival_crossed_arrows, layout_loops_ring, minmay_pentomino_w2
D:2:      layout_basic, minivault_25, uniq_terence

Skill      XL: |  1  2 |
---------------+-------+-----
Unarmed Combat | 1 2 |  2.1
Dodging        | |  2.9
Stealth        | |  1.0
Spellcasting   | |  1.2
Summonings     | |  3.6

Action                   || total
-------------------------++-------
Melee: Unarmed           ||    63
       Punch             ||     1
 Cast: Summon Small Mamm ||    16
  Use: Scroll            ||     4
       Potion            ||     3
 Stab: Sleeping          ||     1
Armor: Robe              ||    18
Dodge: Dodged            ||    43
